 Dungeon Crawl Stone Soup version 0.29.0-15-g675c0067aa (webtiles) character file.

Game seed: 625765823840376980

1076 qw the Cleaver (level 8, -1/106 HPs)
             Began as a Minotaur Berserker on Sept 11, 2022.
             Was a Priest of Trog.
             Killed from afar by a dart slug (5 damage)
             ... with a slug dart
             ... on level 6 of the Dungeon.
             The game lasted 00:01:50 (4955 turns).

qw the Cleaver (Minotaur Berserker)                 Turns: 4955, Time: 00:01:51

Health: -1/106     AC:  7    Str: 23    XL:     8   Next: 8%
Magic:  7/7        EV: 10    Int:  4    God:    Trog [***...]
Gold:   322        SH:  0    Dex: 11    Spells: 7/7 levels left

rFire   . . .      SeeInvis .   Y - +1 war axe
rCold   . . .      Faith    .   (no shield)
rNeg    . . .      Spirit   .   d - +0 scale mail
rPois   .          Reflect  .   (helmet restricted)
rElec   .          Harm     .   (no cloak)
rCorr   .          Rampage  .   (no gloves)
Will    .....                   e - +0 pair of boots
Stlth   ..........              (no amulet)
HPRegen 0.27/turn               (no ring)
MPRegen 0.10/turn               (no ring)

@: berserking (expiring), slow
A: horns 2, retaliatory headbutt
a: Renounce Religion, Berserk, Trog's Hand


You were on level 6 of the Dungeon.
You worshipped Trog.
Trog was most pleased with you.
You visited 1 branch of the dungeon, and saw 6 of its levels.

You collected 322 gold pieces.


Innate Abilities, Weirdness & Mutations

You have a pair of horns on your head.
You reflexively headbutt those who attack you in melee.


   Skills:
 - Level 6.5 Fighting
 + Level 10.6 Axes
 - Level 2.4 Armour
 - Level 2.1 Dodging


You had 7 spell levels left.
You didn't know any spells.
Your spell library was empty.

Inventory:

Hand Weapons
 c - a +0 flail
 Y - a +1 war axe (weapon)
Armour
 d - a +0 scale mail (worn)
 e - a +0 pair of boots (worn)
Scrolls
 a - a scroll of blinking {unknown}
 b - 3 scrolls of identify
Potions
 g - 2 potions of heal wounds
 h - 2 potions of curing
 j - a potion of might

Dungeon Overview and Level Annotations

Branches:
Dungeon (6/15)
 Temple: D:4-7

Altars:
Cheibriados
Ru


Message History

The hound is severely wounded.
You slash the electric eel!
The hound splashes around in the water.
The dart slug launches a dart at you.
The slug dart hits you but does no damage.
The electric eel shoots out a bolt of lightning at you!
The bolt of electricity hits you! The bolt of electricity hits you.
The bolt of electricity hits the electric eel.
The electric eel completely resists.
Your unstable footing causes you to fumble your attack.
The hound splashes around in the water.
Your unstable footing causes you to fumble your attack.
The hound misses you. You furiously retaliate!
You headbutt the hound!
You feel the power of Trog in you as your rage grows.
You kill the hound!
Trog accepts your kill. The dart slug launches a dart at you.
The slug dart hits you.
Your unstable footing causes you to fumble your attack.
The dart slug launches a dart at you.
The slug dart hits you but does no damage.
Your unstable footing causes you to fumble your attack.
The dart slug launches a dart at you. The slug dart misses you.
You closely miss the electric eel.
The electric eel is severely wounded.
The electric eel shoots out a bolt of lightning at you!
The bolt of electricity hits the electric eel.
The electric eel completely resists.
The bolt of electricity hits you!
Your unstable footing causes you to fumble your attack.
The dart slug launches a dart at you.
The slug dart hits you but does no damage.
Your unstable footing causes you to fumble your attack.
The electric eel shoots out a bolt of lightning at you!
The bolt of electricity hits the electric eel.
The electric eel completely resists.
The bolt of electricity hits you.
Your unstable footing causes you to fumble your attack.
The dart slug launches a dart at you. The slug dart hits you.
You die...

#..........##..........
#..........##..........
#....%###########'##...
#.....# #.##... #.....#
#.##... #.##..####
#.##... #. ##....#
#.##... . ###.##.###
#.##### . #~~.@~...#
#.# #w~#S~~.## #.#
~~~~~~~~~~~# ..#####
~~~~~~~~S~~~5# #......
.~~~~~~~~~#~~w.#
#######
~#~~~~##~~~~~~~# #
~~w#~ ~~#~~~#~~ #####
.~~ 7.~?..~~~ #....
..$$)#~w #....


You could see 2 electric eels, 3 dart slugs and an ufetubus.

Vanquished Creatures
  Sigmund (D:2)
  A black bear (D:4)
  An ogre (D:5)
  A bullfrog (D:6)
  A necrophage (D:4)
  3 scorpions (D:5)
  4 hounds
  A gnoll bouda (D:5)
  An iguana (D:5)
  An orc wizard (D:5)
  9 adders
  3 gnolls (D:5)
  2 shadow imps
  An ufetubus (D:5)
  7 dart slugs
  7 orcs
  7 ball pythons
  6 bats
  12 endoplasms
  2 giant cockroaches
  8 goblins
  5 hobgoblins
  10 jackals
  8 kobolds
  2 quokkas
  6 frilled lizards
  8 rats
118 creatures vanquished.

Notes
Turn   | Place    | Note
-------+----------+-------------------------------------------
     0 | D:1      | qw the Minotaur Berserker began the quest for the Orb.
     0 | D:1      | Reached XP level 1. HP: 19/19 MP: 0/0
     0 | D:1      | 0 ||| qw: Version: 0.1-a-119-g272c26d
     0 | D:1      | 0 ||| qw: Game counter: 10627
     0 | D:1      | 0 ||| qw: Always use a shield: true
     0 | D:1      | 0 ||| qw: Do Orc after D:15 true
     0 | D:1      | 0 ||| qw: Do second Lair branch before Depths: true
     0 | D:1      | 0 ||| qw: Lair rune preference: random
     0 | D:1      | 0 ||| qw: Plans: Normal
     0 | D:1      | 0 ||| PLANNING D:1-11
     7 | D:1      | 7 ||| Stepping ~*~*~tactically~*~*~ (stealth).
     9 | D:1      | 9 ||| Stepping ~*~*~tactically~*~*~ (stealth).
    16 | D:1      | 16 ||| Stepping ~*~*~tactically~*~*~ (stealth).
    18 | D:1      | 18 ||| Stepping ~*~*~tactically~*~*~ (stealth).
    82 | D:1      | Reached skill level 4 in Axes
   157 | D:1      | Reached XP level 2. HP: 21/26 MP: 1/1
   293 | D:1      | 293 ||| Stepping ~*~*~tactically~*~*~ (stealth).
   296 | D:1      | 296 ||| Stepping ~*~*~tactically~*~*~ (stealth).
   297 | D:1      | 297 ||| Stepping ~*~*~tactically~*~*~ (stealth).
   298 | D:1      | 298 ||| Stepping ~*~*~tactically~*~*~ (stealth).
   355 | D:1      | 355 ||| Stepping ~*~*~tactically~*~*~ (stealth).
   565 | D:1      | Reached skill level 5 in Axes
   786 | D:1      | Reached XP level 3. HP: 31/31 MP: 2/2
   819 | D:1      | 819 ||| Stepping ~*~*~tactically~*~*~ (stealth).
   854 | D:1      | 854 ||| Stepping ~*~*~tactically~*~*~ (stealth).
   857 | D:1      | 857 ||| Stepping ~*~*~tactically~*~*~ (stealth).
   863 | D:1      | Reached ** piety under Trog
  1086 | D:1      | 1086 ||| DROPPING +0 club.
  1166 | D:1      | 1166 ||| SWAPPING to +4 hand axe.
  1168 | D:1      | 1168 ||| DROPPING +0 hand axe.
  1258 | D:1      | 1258 ||| UPGRADING to +0 scale mail.
  1268 | D:1      | 1268 ||| DROPPING +0 animal skin.
  1269 | D:1      | 1269 ||| READING scroll labelled XOIGUC SUFREIC.
  1270 | D:1      | 1270 ||| READING scroll labelled ADADWY NUNYFO.
  1271 | D:1      | 1271 ||| READING scroll labelled WUTUNU REENIA.
  1406 | D:1      | 1406 ||| READING scroll labelled GUGGUCRAYD.
  1409 | D:1      | 1409 ||| READING scroll labelled JECRAT LEONTU.
  1410 | D:1      | 1410 ||| DRINKING 3 purple potions.
  1411 | D:1      | 1411 ||| DRINKING 3 black potions.
  1635 | D:2      | Noticed Sigmund
  1640 | D:2      | 1640 ||| INVOKING Berserk.
  1643 | D:2      | Killed Sigmund
  1644 | D:2      | Reached skill level 7 in Axes
  1644 | D:2      | Reached XP level 4. HP: 39/39 MP: 3/3
  1644 | D:2      | Reached XP level 5. HP: 45/45 MP: 4/4
  1906 | D:2      | Found a faded altar of an unknown god.
  2120 | D:2      | 2120 ||| DROPPING orb of wrath.
  2121 | D:2      | 2121 ||| READING 3 scrolls labelled YSTEUH HUHUE.
  2122 | D:2      | 2122 ||| DRINKING 2 smoky ruby potions.
  2123 | D:2      | 2123 ||| DRINKING 3 yellow potions.
  2228 | D:2      | 2228 ||| DROPPING potion of brilliance.
  2229 | D:2      | 2229 ||| DROPPING 2 scrolls of magic mapping.
  2230 | D:2      | 2230 ||| DROPPING 2 potions of berserk rage.
  2246 | D:3      | 2246 ||| Stepping ~*~*~tactically~*~*~ (stealth).
  2247 | D:3      | 2247 ||| Stepping ~*~*~tactically~*~*~ (stealth).
  2333 | D:3      | Found a snail-covered altar of Cheibriados.
  2384 | D:3      | 2384 ||| Stepping ~*~*~tactically~*~*~ (stealth).
  2423 | D:3      | Found a sacrificial altar of Ru.
  2642 | D:3      | Reached XP level 6. HP: 52/52 MP: 5/5
  2818 | D:3      | Found the +7 staff of the Meek {protect, meekguard}
  2843 | D:3      | 2843 ||| UPGRADING to +0 pair of boots.
  2848 | D:3      | 2848 ||| READING scroll labelled RUIWNE PUFREPS.
  2849 | D:3      | 2849 ||| READING scroll labelled YLEURO GINE.
  2850 | D:3      | 2850 ||| READING scroll labelled GUIRYF ARU.
  2851 | D:3      | 2851 ||| DRINKING 3 fuming yellow potions.
  2852 | D:3      | 2852 ||| DRINKING 2 clear potions.
  2853 | D:3      | 2853 ||| DROPPING 2 potions of magic.
  2854 | D:3      | 2854 ||| DROPPING potion of attraction.
  2855 | D:3      | 2855 ||| Stepping randomly (stuck).
  2856 | D:3      | 2856 ||| Stepping ~*~*~tactically~*~*~ (cloud).
  2968 | D:4      | Reached skill level 8 in Axes
  3030 | D:4      | 3030 ||| SWAPPING to +0 war axe.
  3031 | D:4      | 3031 ||| DROPPING +0 mace.
  3032 | D:4      | 3032 ||| DROPPING +5 hand axe.
  3046 | D:4      | 3046 ||| Stepping ~*~*~tactically~*~*~ (stealth).
  3049 | D:4      | 3049 ||| INVOKING Berserk.
  3057 | D:4      | Reached skill level 9 in Axes
  3076 | D:4      | 3076 ||| Stepping ~*~*~tactically~*~*~ (stealth).
  3180 | D:4      | 3180 ||| READING scroll of enchant weapon.
  3180 | D:4      | 3180 ||| ENCHANTING +0 war axe.
  3215 | D:4      | Reached *** piety under Trog
  3518 | D:4      | 3518 ||| READING scroll labelled EMOWOEVVOUCS.
  3519 | D:4      | 3519 ||| READING 3 scrolls of identify.
  3519 | D:4      | 3519 ||| IDENTIFYING glowing inky potion
  3520 | D:4      | 3520 ||| READING 2 scrolls of identify.
  3520 | D:4      | 3520 ||| IDENTIFYING green potion
  3521 | D:4      | 3521 ||| DROPPING potion of flight.
  3530 | D:5      | Entered Level 5 of the Dungeon
  3537 | D:5      | Reached XP level 7. HP: 57/61 MP: 6/6
  3572 | D:5      | 3572 ||| INVOKING Berserk.
  3794 | D:5      | 3794 ||| Stepping ~*~*~tactically~*~*~ (hiding).
  3836 | D:5      | 3836 ||| Stepping ~*~*~tactically~*~*~ (hiding).
  3957 | D:5      | Reached skill level 10 in Axes
  4405 | D:5      | 4405 ||| INVOKING Berserk.
  4408 | D:5      | Reached skill level 6 in Fighting
  4522 | D:5      | 4522 ||| READING scroll labelled CESOL MUGHEAWI.
  4625 | D:6      | Reached XP level 8. HP: 71/71 MP: 7/7
  4644 | D:6      | 4644 ||| FLEEEEING.
  4645 | D:6      | 4645 ||| FLEEEEING.
  4646 | D:6      | 4646 ||| FLEEEEING.
  4652 | D:6      | 4652 ||| Stepping ~*~*~tactically~*~*~ (hiding).
  4655 | D:6      | 4655 ||| FLEEEEING.
  4656 | D:6      | 4656 ||| FLEEEEING.
  4657 | D:6      | 4657 ||| FLEEEEING.
  4658 | D:6      | 4658 ||| FLEEEEING.
  4659 | D:6      | 4659 ||| FLEEEEING.
  4660 | D:6      | 4660 ||| FLEEEEING.
  4676 | D:6      | 4676 ||| FLEEEEING.
  4677 | D:6      | 4677 ||| FLEEEEING.
  4682 | D:6      | 4682 ||| FLEEEEING.
  4683 | D:6      | 4683 ||| FLEEEEING.
  4684 | D:6      | 4684 ||| Stepping ~*~*~tactically~*~*~ (hiding).
  4686 | D:6      | 4686 ||| INVOKING Berserk.
  4881 | D:6      | 4881 ||| Stepping ~*~*~tactically~*~*~ (stealth).
  4898 | D:6      | 4898 ||| Stepping ~*~*~tactically~*~*~ (stealth).
  4918 | D:6      | 4918 ||| Stepping ~*~*~tactically~*~*~ (hiding).
  4934 | D:6      | 4934 ||| Stepping ~*~*~tactically~*~*~ (stealth).
  4937 | D:6      | 4937 ||| INVOKING Berserk.
  4947 | D:6      | HP: 23/106 [electric eel/bolt of electricity (12)]
  4952 | D:6      | HP: 9/106 [electric eel/bolt of electricity (12)]
  4954 | D:6      | HP: 4/106 [electric eel/bolt of electricity (6)]
  4955 | D:6      | Killed from afar by a dart slug

Levels and vault maps discovered:
D:1:      spicycebolla_green_bress_n_ham, layout_loops_corners,
          minmay_heptomino_h4
D:2:      layout_basic, hellmonk_ecumenical_altar_slurped_away,
          minmay_tiny_reverse_x, uniq_sigmund
D:3:      layout_basic, amcnicky_altar_gilded,
          mainiacjoe_overflow_small_starburst, nicolae_titane
D:4:      layout_basic
D:5:      layout_loops_ring
D:6:      kennysheep_slugbush, layout_basic, serial_shops,
          nicolae_take_the_stairs, small_statue_alley_b

Skill      XL: |  1  2  3  4  5  6  7 |
---------------+----------------------+-----
Axes           | 4 5 7 9 10 | 10.6
Fighting       | 4 5 6 |  6.5
Armour         | |  2.4
Dodging        | |  2.1

Action                   |  1- 3 |  4- 6 |  7- 9 || total
-------------------------+-------+-------+-------++-------
Melee: Hand axe          |   104 |    41 |       ||   145
       Headbutt          |    10 |    12 |    11 ||    33
       War axe           |       |    38 |    80 ||   118
       Punch             |       |       |     1 ||     1
Invok: Berserk           |     1 |     1 |     4 ||     6
  Use: Scroll            |     5 |     8 |     1 ||    14
       Potion            |     2 |     4 |       ||     6
Armor: Animal skin       |    12 |       |       ||    12
       Scale mail        |     3 |    22 |    23 ||    48
Dodge: Dodged            |    56 |    30 |    37 ||   123

Table legend:
 A = Non-vault XP
 B = Vault XP
 C = Vault XP percentage of total XP
 D = Non-vault monster count
 E = Vault monster count
 F = Vault count percentage of total count
                 A         B        C        D         E       F
            +---------+---------+-------+---------+---------+-------
      Total |    1286 |     252 |  16.4 |     106 |      12 |  10.2
            +---------+---------+-------+---------+---------+-------
        D:1 |      53 |       8 |  13.1 |      32 |       4 |  11.1
        D:2 |      66 |     228 |  77.6 |      18 |       4 |  18.2
        D:3 |      31 |       0 |   0.0 |      13 |       0 |   0.0
        D:4 |     331 |       0 |   0.0 |      21 |       0 |   0.0
        D:5 |     659 |       0 |   0.0 |      19 |       0 |   0.0
        D:6 |     146 |      16 |   9.9 |       3 |       4 |  57.1
            +---------+---------+-------+---------+---------+-------
